 Dungeon Crawl Stone Soup version 0.20.1-1-g8b1a95d (webtiles) character file.

459 dohliylev the Sneak (level 6, 0/44 HPs)
             Began as a Vampire Assassin on Dec 4, 2017.
             Succumbed to a scorpion's poison
             ... on level 4 of the Dungeon.
             The game lasted 00:10:11 (2730 turns).

dohliylev the Sneak (Vampire Assassin)              Turns: 2730, Time: 00:10:11

Health: 0/44       AC:  3    Str: 10    XL:     6   Next: 78%
Magic:  6/6        EV: 13    Int: 13    God:
Gold:   86         SH:  5    Dex: 18    Spells: 5/5 levels left

rFire    . . .     SeeInvis +   a - +4 dagger
rCold    . . .     Gourm    .   i - +0 buckler
rNeg     . . .     Faith    .   c - +0 robe
rPois    .         Spirit   .   (no helmet)
rElec    .         Reflect  .   d - +0 cloak
rCorr    .         Harm     .   (no gloves)
MR       .....     Rnd*Tele +   (no boots)
Stlth    +++.......             (no amulet)
Regen    0.4/turn               k - ring of teleportation (curse)
MPRegen  0.1/turn               n - ring of loudness (curse)

@: lethally poisoned (0 -> -9), regenerating quickly
A: fangs 3, see invisible, unbreathing
a: no special abilities


You were on level 4 of the Dungeon.
You were very full.

You visited 1 branch of the dungeon, and saw 4 of its levels.

You collected 86 gold pieces.

Inventory:

Hand Weapons
 a - a +4 dagger (weapon)
 b - a +0 blowgun
 u - a +1 dagger of flaming
Missiles
 e - 26 poisoned needles
 f - 2 curare-tipped needles
 t - 5 needles of paralysis
Armour
 c - a +0 robe (worn)
 d - a +0 cloak (worn)
 i - a +0 buckler (worn)
Jewellery
 k - a cursed ring of teleportation (left hand)
 n - a cursed ring of loudness (right hand)
Wands
 o - a wand of polymorph (13/24)
 r - a wand of random effects (28/48)
Scrolls
 h - 2 scrolls of magic mapping
 l - a scroll of blinking
 m - a scroll of enchant weapon
 s - a scroll of teleportation
 v - 2 scrolls of remove curse {unknown}
Potions
 g - 8 potions of blood
 j - a potion of lignification {unknown}
 q - a potion of agility {unknown}
 w - 2 potions of brilliance {unknown}
 x - a potion of flight {unknown}


   Skills:
 - Level 2.0 Fighting
 + Level 6.0 Short Blades
 - Level 1.7 Throwing
 + Level 3.4 Dodging
 - Level 7.1 Stealth
 + Level 1.9 Shields


You had 5 spell levels left.
You didn't know any spells.

Dungeon Overview and Level Annotations

Branches:
Dungeon (4/15)
 Temple: D:4-7

Altars:
Uskayaw
The Shining One


Innate Abilities, Weirdness & Mutations

Your natural rate of healing is unusually fast.
You have razor-sharp teeth.
You have supernaturally acute eyesight. (SInv)
You can survive without breathing.


Message History

You barely miss the scorpion. Your bite misses the scorpion.
The scorpion is lightly wounded.
The scorpion barely misses you.
You closely miss the scorpion.
The scorpion is lightly wounded.
You feel sick. The scorpion barely misses you.
You barely miss the scorpion.
The scorpion is lightly wounded.
The scorpion stings you!
* * * LOW HITPOINT WARNING * * *
You are more poisoned.
The scorpion poisons you!
You hit the scorpion.
You bite the scorpion, but do no damage.
The scorpion is moderately wounded.
* * * LOW HITPOINT WARNING * * *
You feel sick.
You hit the scorpion but do no damage.
The scorpion is moderately wounded.
You die...

#.# #.#
#..# #.#
#..#
#.######
#..#
#......#
#..#
######.#
#..#
#...#.#
#..######
#...#.#
#s.......
#...rr#
#@#
#..rrr#
#.#
#r..rr#
#.########
#rrr#†#
#...!.....
#.rr#.#
##########
### #.#
.!. #####


You could see a scorpion.

Vanquished Creatures
  A scorpion (D:4)
  A howler monkey (D:4)
  Crazy Yiuf (D:3)
  Jessica (D:3)
  Natasha (thrice) (D:3)
  A worker ant (D:4)
  A hound skeleton (D:4)
  5 gnolls
  4 adders
  5 river rats (D:4)
  An ooze (D:1)
  2 adder skeletons
  4 worms
  2 dart slugs
  3 leopard geckos (D:2)
  An orc (D:3)
  6 bats
  5 giant cockroaches
  4 goblins
  8 hobgoblins
  A frilled lizard (D:3)
  4 kobolds
  A quokka skeleton (D:4)
  9 rats
74 creatures vanquished.

Notes
Turn   | Place    | Note
-------+----------+-------------------------------------------
     0 | D:1      | dohliylev the Vampire Assassin began the quest for the Orb.
     0 | D:1      | Reached XP level 1. HP: 16/16 MP: 1/1
     9 | D:1      | Reached skill level 6 in Stealth
    11 | D:1      | Reached XP level 2. HP: 22/22 MP: 2/2
   312 | D:1      | Reached skill level 7 in Stealth
   400 | D:1      | Reached XP level 3. HP: 27/27 MP: 3/3
   716 | D:2      | Found a glowing golden altar of the Shining One.
   883 | D:2      | Found a hide-covered altar of Uskayaw.
  1041 | D:2      | Reached XP level 4. HP: 18/33 MP: 4/4
  1295 | D:3      | Noticed Jessica
  1298 | D:3      | Killed Jessica
  1567 | D:3      | Found a faded altar of an unknown god.
  1582 | D:3      | Reached XP level 5. HP: 38/38 MP: 5/5
  1589 | D:3      | Noticed Natasha
  1597 | D:3      | Killed Natasha
  1800 | D:3      | Reached skill level 1 in Shields
  1995 | D:3      | Noticed Natasha
  2011 | D:3      | Killed Natasha
  2258 | D:3      | Found a runed door.
  2262 | D:3      | Noticed Crazy Yiuf
  2262 | D:3      | Noticed Natasha
  2310 | D:3      | Killed Natasha
  2310 | D:3      | Reached skill level 5 in Short Blades
  2364 | D:3      | Killed Crazy Yiuf
  2364 | D:3      | Reached XP level 6. HP: 44/44 MP: 6/6
  2729 | D:4      | HP: 1/44 [poisoned by a scorpion]
  2730 | D:4      | Succumbed to a scorpion's poison

Skill      XL: |  1  2  3  4  5  6 |
---------------+-------------------+-----
Stealth        | 6 7 |  7.1
Fighting       | 2 |  2.0
Short Blades   | 3 4 5 6 |  6.0
Dodging        | 2 3 |  3.4
Shields        | 1 |  1.9
Throwing       | |  1.7

Action                   |  1- 3 |  4- 6 || total
-------------------------+-------+-------++-------
Melee: Dagger            |    95 |   210 ||   305
       Bite              |     6 |    26 ||    32
 Fire: Blowgun           |     3 |    11 ||    14
  Use: Scroll            |       |     5 ||     5
 Stab: Sleeping          |    12 |     5 ||    17
  Eat: Corpse            |    10 |     8 ||    18
Armor: Robe              |    21 |    14 ||    35
Dodge: Dodged            |    36 |    94 ||   130
Block: Buckler           |    13 |    13 ||    26
